 Dungeon Crawl Stone Soup version 0.31-a0-1591-g515db51633 (webtiles) character file.

Game seed: 9530219876956998508

1243 Conn the Conjurer (level 8, -12/46 HPs)
             Began as an Octopode Fire Elementalist on Jan 6, 2024.
             Mangled by Sigmund
             ... wielding a +0 scythe of distortion
              (13 damage)
             ... on level 6 of the Dungeon.
             The game lasted 00:25:56 (4105 turns).

Conn the Conjurer (Octopode Fire Elementalist)      Turns: 4105, Time: 00:25:59

Health: -12/46     AC: 11    Str: 12 (13) XL:     8   Next: 50%
Magic:  0/15       EV: 14    Int: 18 (19) God:
Gold:   100        SH:  0    Dex: 10 (13) Spells: 10/16 levels left

rFire   + . .        b - staff of cold
rCold   + + .        (no shield)
rNeg    . . .        (helmet restricted)
rPois   +            k - amulet of guardian spirit
rElec   +            f - +4 ring of protection
rCorr   +            j - ring of see invisible
SInv    +            q - +6 ring of strength
Will    .....        s - +4 ring of protection
Stlth   ++++         (no ring)
HPRegen 0.27/turn    (no ring)
MPRegen 0.14/turn    (no ring)
                     (no ring)

%: random rage (3%), guardian spirit
@: resistant
A: almost no armour, amphibious, 8 rings, camouflage 1, gelatinous body 1,
(nimble swimmer 1), tentacles, iridescent scales 1, berserk 1, poison resistance
a: no special abilities


You were on level 6 of the Dungeon.
You visited 1 branch of the dungeon, and saw 4 of its levels.
You visited the Abyss 1 time.
You also visited: Ossuary.

You collected 180 gold pieces.
You spent 80 gold pieces at shops.

Inventory:

Hand Weapons
 a - a +0 short sword of speed
Magical Staves
 b - a staff of cold (weapon)
Jewellery
 f - a +4 ring of protection (left tentacle)
 j - a ring of see invisible (right tentacle)
 k - an amulet of guardian spirit (around mantle)
 q - a +6 ring of strength (on tentacle)
 s - a +4 ring of protection (on tentacle)
Scrolls
 p - a scroll of enchant armour
 w - a scroll of revelation
Potions
 c - a potion of brilliance
 u - 2 potions of mutation


   Skills:
 + Level 4.2 Dodging
 - Level 5.0 Stealth
 * Level 4.7 Spellcasting
 * Level 5.1 Conjurations
 + Level 3.1 Hexes
 + Level 4.7 Fire Magic


You had 10 spell levels left.
You knew the following spells:

 Your Spells              Type           Power      Damage    Failure   Level
a - Foxfire               Conj/Fire      88%        2x1d8     1%          1
b - Scorch                Fire           42%        2d6       3%          2
c - Inner Flame           Hex/Fire       18%        N/A       9%          3

Your spell library contained the following spells:

 Spells                   Type           Power      Damage    Failure   Level
 Volatile Blastmotes      Fire/Tloc      24%        2d12      16%         3
 Flame Wave               Conj/Fire      22%        2d8       19%         4
 Fugue of the Fallen      Necr           4%         N/A       38%         3
 Ozocubu's Armour         Ice            6%         N/A       38%         3
 Manifold Assault         Tloc           4%         N/A       80%         4
 Vhi's Electric Charge    Tloc/Air       8%         N/A       80%         4
 Arcjolt                  Conj/Air       6%         1d16      80%         5
 Maxwell's Capacitive Co  Air            2%         ∞         100%        8


Dungeon Overview and Level Annotations

Branches:
Dungeon (6/15)            Ossuary (visited)
 Temple: D:4-7

Altars:

Shops:
D:2 ?

Annotations:
D:3 2 runed translucent doors, tish's ghost, amateur GnWn
D:6 Sigmund


Innate Abilities, Weirdness & Mutations

You cannot wear most types of armour.
You are amphibious.
You can wear up to eight rings at the same time.
Your skin changes colour to match your surroundings (Stealth+).
Your rubbery body absorbs attacks. (AC +1, EV +1)
((You are camouflaged when in or above water. (Stealth+)))
You have tentacles for arms and can constrict up to eight enemies at once.
You are partially covered in iridescent scales. (AC +2)
You sometimes lose your temper in combat.
Your system is resistant to poisons. (rPois)


Message History

The centaur barely misses you.
The centaur kicks you but does no damage.
The ufetubus barely misses you. x2; The gnoll closely misses you.
The white imp closely misses your butterfly.
The centaur barely misses you. x2
The ufetubus hits you but does no damage.
The ufetubus closely misses you.
Sigmund hits you from afar with a +0 scythe of distortion.
Space warps horribly around you!
* * * LOW HITPOINT WARNING * * *
You aren't carrying any items that you can evoke.
As you read the scroll of torment, it crumbles to dust.
You feel a surge of unholy energy.
The centaur convulses!
Sigmund convulses!
The gnoll convulses!
Your butterfly disappears in a burst of colours! x13
The centaur hits you but does no damage.
The centaur barely misses you. The ufetubus misses you. x2
The gnoll hits you but does no damage.
Okay, then.
Okay, then.
Unknown command.
Unknown command.
Okay, then.
Okay, then.
As you read the scroll of immolation, it crumbles to dust.
The creatures around you are filled with an inner flame!
The ufetubus closely misses you. x2; The centaur completely misses you.
The centaur kicks you but does no damage.
Sigmund closely misses you. The gnoll barely misses you.
The centaur barely misses you. The centaur completely misses you.
The ufetubus barely misses you. x2
You feel protected. The ufetubus closely misses you.
The ufetubus barely misses you. The centaur hits you.
* * * LOW HITPOINT WARNING * * *
The centaur kicks you but does no damage.
The gnoll barely misses you. Sigmund hits you but does no damage.
Space warps horribly around you!
You die...
Sigmund begins carving another notch in his scythe.

# #.. .. .. .@ ..
#..##.#. ......
#.##..####
#.....§..#
##.##[##.# #...#c#
#..55@# #b.@#.#
.##.##'##g# #######
.5l.......5#
#.....#
.###.####.####
###.###.#### #
#....###...# #....g
####.##.#..###..###
#...#...)....# #
#####...#####.# #


You could see Sigmund (inner flame), a centaur (inner flame), a gnoll (inner
flame, ally target), a white imp (inner flame) and 2 ufetubi.

Vanquished Creatures
  A sixfirhy (Abyss:1)
  2 elf zombies (Ossuary)
  A gnoll sergeant (D:6)
  3 centaur zombies (Ossuary)
  A jelly (D:6)
  2 human zombies (Ossuary)
  2 crocodile zombies (Ossuary)
  2 spectral hounds (Ossuary)
  A scorpion simulacrum (Ossuary)
  3 mummies (Ossuary)
  4 gnolls (D:6)
  3 adders
  3 hound simulacra (Ossuary)
  A white imp (D:6)
  3 spectral adders (Ossuary)
  A spectral gnoll (Ossuary)
  A dart slug (D:1)
  An adder simulacrum (Ossuary)
  4 orcs
  5 bats
  7 endoplasms
  2 giant cockroaches
  10 gnoll zombies (Ossuary)
  5 goblins
  9 hobgoblins
  2 jackals (D:1)
  3 quokkas (D:1)
  4 ball pythons
  2 frilled lizards (D:1)
  A gnoll simulacrum (Ossuary)
  2 jackal simulacra (Ossuary)
  2 kobolds
  3 kobold zombies (Ossuary)
  2 orc zombies (Ossuary)
  3 rats
  3 spectral jackals (Ossuary)
104 creatures vanquished.

Vanquished Creatures (others)
  304 foxfires
304 creatures vanquished.

Grand Total: 408 creatures vanquished

Notes
Turn   | Place    | Note
-------+----------+-------------------------------------------
     0 | D:1      | Conn the Octopode Fire Elementalist began the quest for the
                  | Orb.
     0 | D:1      | Reached XP level 1. HP: 11/11 MP: 3/3
   263 | D:1      | Reached XP level 2. HP: 17/17 MP: 3/5
   793 | D:1      | Reached XP level 3. HP: 14/21 MP: 0/6
  1258 | D:2      | Learned a level 2 spell: Scorch
  1262 | D:2      | Learned a level 3 spell: Inner Flame
  1274 | D:2      | Found Ruheaz's Magic Scroll Shoppe.
  1299 | D:2      | Bought 2 scrolls of butterflies for 80 gold pieces
  1720 | D:2      | Reached XP level 4. HP: 16/27 MP: 0/7
  1824 | D:3      | Found a faded altar of an unknown god.
  2057 | D:3      | Found a runed translucent door.
  2076 | D:3      | Found a runed translucent door.
  2079 | D:3      | Noticed tish's ghost (amateur GnWn)
  2255 | D:3      | You fall into a shaft and drop 3 floors!
  2344 | D:6      | Reached XP level 5. HP: 31/31 MP: 3/8
  2424 | D:6      | Found a sand-covered staircase.
  2426 | D:6      | Noticed a centaur
  2429 | Ossuary  | Entered an ossuary
  2890 | Ossuary  | Reached skill level 1 in Hexes
  3071 | Ossuary  | Reached XP level 6. HP: 33/36 MP: 1/10
  3372 | Ossuary  | Reached XP level 7. HP: 27/41 MP: 1/11
  3696 | Ossuary  | Reached skill level 5 in Stealth
  4008 | D:6      | Noticed Sigmund
  4035 | D:6      | Gained mutation: You sometimes lose your temper in combat.
                  | [potion of mutation]
  4035 | D:6      | Gained mutation: Your system is resistant to poisons.
                  | (rPois) [potion of mutation]
  4035 | D:6      | Gained mutation: You are partially covered in iridescent
                  | scales. (AC +2) [potion of mutation]
  4037 | Abyss:1  | Cast into level 1 of the Abyss (Sigmund)
  4074 | Abyss:1  | Noticed a sixfirhy
  4075 | Abyss:1  | Noticed a lich
  4088 | Abyss:1  | Killed a sixfirhy
  4089 | Abyss:1  | Reached skill level 5 in Conjurations
  4089 | Abyss:1  | Reached XP level 8. HP: 10/46 MP: 8/15
  4091 | D:6      | Escaped the Abyss
  4102 | D:6      | HP: 1/46 [Sigmund/+0 scythe of distortion (5)]
  4105 | D:6      | Mangled by Sigmund

Illustrated notes

Levels and vault maps discovered:
D:1:      sevenhm_arrival_forest_fort_small_4, layout_loops_ring,
          hangedman_feature_mirror
D:2:      layout_rooms, serial_shops, nicolae_shop_waterfront,
          dk_noncrumbling_4, kennysheep_generic_room_5
D:3:      layout_basic, hellmonk_ecumenical_altar_pennies_from_heaven,
          ebering_ghost_sewer_f, hangedman_abyss_or_decor_lesser_grid,
          chequers_serial_rivers_micro_e, corexii_leaking_fountain
D:6:      layout_loops_cross, enter_ossuary_2, uniq_crazy_yiuf_cottage,
          uniq_duvessa, uniq_sigmund

Skill      XL: |  1  2  3  4  5  6  7 |
---------------+----------------------+-----
Stealth        | 3 4 5 |  5.0
Conjurations   | 2 3 5 |  5.1
Hexes          | 1 3 |  3.1
Dodging        | 3 4 |  4.2
Spellcasting   | 3 4 |  4.7
Fire Magic     | 4 |  4.7

Action                     |  1- 3 |  4- 6 |  7- 9 || total
---------------------------+-------+-------+-------++-------
  Melee: Unarmed           |     8 |       |       ||     8
         Constrict         |     6 |     6 |     5 ||    17
         Tentacles         |     7 |     8 |    20 ||    35
         Dagger            |    22 |       |       ||    22
         Staff             |     1 |    36 |    60 ||    97
         Punch             |       |     2 |     1 ||     3
   Cast: Foxfire           |    60 |    93 |    20 ||   173
         Scorch            |     1 |     8 |    25 ||    34
         Inner Flame       |       |       |     3 ||     3
    Use: Scroll            |       |     6 |     9 ||    15
         Potion            |       |       |    12 ||    12
   Stab: Sleeping          |     2 |       |       ||     2
 Armour: Skin              |    16 |    51 |   114 ||   181
  Dodge: Dodged            |    31 |    41 |   144 ||   216

Table legend: (Time is in decaauts)
 A = Elapsed time spent in this place.
 B = Non-inter-level travel time spent in this place.
 C = Inter-level travel time spent in this place.
 D = Time resting spent in this place.
 E = Time spent auto-exploring this place.
 F = Levels seen in this place.
 G = Mean time per level.
                   A        B        C        D        E       F      G
               +--------+--------+--------+--------+--------+-----+--------+
         Total |   4120 |   4060 |     60 |    386 |   2369 |   6 |  686.7 |
       Dungeon |   2478 |   2418 |     60 |      0 |   1588 |   4 |  619.5 |
         Abyss |     53 |     53 |      0 |     31 |      0 |   1 |   53.0 |
       Ossuary |   1588 |   1588 |      0 |    355 |    781 |   1 | 1588.0 |
               +--------+--------+--------+--------+--------+-----+--------+

Top non-repeatable levels by time:
 Ossuary: 1588 daAuts
     D:1: 1104 daAuts
     D:2: 701 daAuts
     D:3: 448 daAuts
     D:6: 223 daAuts
 Abyss:1: 53 daAuts
